 Dungeon Crawl Stone Soup version 0.20.0 (webtiles) character file.

7 atomicknyte the Ducker (level 1, -2/9 HPs)
             Began as a Spriggan Transmuter on June 2, 2017.
             Slain by Natasha (8 damage)
             ... on level 2 of the Dungeon.
             The game lasted 00:03:08 (730 turns).

atomicknyte the Ducker (Spriggan Transmuter)         Turns: 730, Time: 00:03:09

Health: -2/9       AC:  2    Str:  6    XL:     1   Next: 83%
Magic:  5/5        EV: 18    Int: 14    God:
Gold:   47         SH:  0    Dex: 16    Spells: 4/5 levels left

rFire    . . .     SeeInvis +   f - +0 hand axe
rCold    . . .     Gourm    .   (shield restricted)
rNeg     . . .     Faith    .   b - +0 robe
rPois    .         Spirit   .   (helmet restricted)
rElec    .         Reflect  .   (no cloak)
rCorr    .         Harm     .   (gloves unavailable)
MR       .....                  (boots unavailable)
Stlth    ++........             (no amulet)
Regen    0.1/turn               (no ring)
MPRegen  0.1/turn               (no ring)

@: very quick
A: unfitting armour, see invisible, herbivore 3, speed 3, slow metabolism 2
a: no special abilities


You were on level 2 of the Dungeon.
You were not hungry.

You visited 1 branch of the dungeon, and saw 3 of its levels.

You collected 47 gold pieces.

Inventory:

Hand Weapons
 f - a +0 hand axe (weapon)
Missiles
 a - 12 arrows
 j - 23 sling bullets
Armour
 b - a +0 robe (worn)
Scrolls
 e - a scroll of identify {unknown}
 h - a scroll of fear {unknown}
 i - a scroll of recharging {unknown}
Potions
 k - a potion of ambrosia {unknown}
 l - a potion of lignification {unknown}
Books
 c - a book of Changes

   Spells                             Type                      Level
   a - Beastly Appendage              Transmutation                1
   b - Sticks to Snakes               Transmutation                2
   c - Spider Form                    Transmutation/Poison         3
   d - Ice Form                       Ice/Transmutation            4
   e - Blade Hands                    Transmutation                5
Comestibles
 d - 3 bread rations
 g - a royal jelly


   Skills:
 - Level 0.7 Fighting
 - Level 3.0 Dodging
 + Level 1.9 Stealth
 + Level 2.6 Unarmed Combat
 - Level 2.6 Spellcasting
 - Level 2.6 Transmutations


You had 4 spell levels left.
You knew the following spells:

 Your Spells              Type           Power        Failure   Level  Hunger
a - Beastly Appendage     Tmut           #.....       8%          1    #......


Dungeon Overview and Level Annotations

Branches:
Dungeon (3/15)

Altars:

Annotations:
D:2 1 runed door, Natasha, Terence


Innate Abilities, Weirdness & Mutations

You are very small and have problems with some larger weapons.
You are too small for most types of armour.
You have supernaturally acute eyesight. (SInv)
You are a herbivore.
You cover ground extremely quickly.
You need consume almost no food.


Message History

Natasha mumbles some strange words.
The bat misses you. The bat hits you. The bat barely misses you.
The bat closely misses you. The bat barely misses you.
You hit the bat.
You kill the bat!
The white imp gestures at you. The puff of frost misses you.
Found a metallic blue potion.
l - a metallic blue potion
Found a runed door.
Natasha wildly gestures.
Natasha glows brightly for a moment.
You hit Natasha.
Natasha is lightly wounded.
Natasha claws you!
Ouch! That really hurt!
You die...

....#.#
#..................#
#... ....#.#
#.....######.......#
#... #####.#
#.....##...........#
#... # #.#
#.....##############
#... # #.# ####### #...
## #.# ###♣♣♣♣♣ #...
.####.########.#..♣.♣♣♣
#...
...................♣..♣
#...
....#.######@..h@.♣♣♣♣.+
#... ....#..........#.♣♣
♣# #...
....############♣♣ #...
#....# .....# #.@..##
.h....# ......# ......#


You could see Terence and Natasha.

Vanquished Creatures
  2 bats (D:2)
  A giant cockroach (D:1)
  A goblin (D:2)
  A frilled lizard (D:2)
  2 rats (D:2)
7 creatures vanquished.

Notes
Turn   | Place    | Note
-------+----------+-------------------------------------------
     0 | D:1      | atomicknyte the Spriggan Transmuter began the quest for the Orb.
     0 | D:1      | Reached XP level 1. HP: 9/9 MP: 5/5
    83 | D:1      | You fall through a shaft!
   182 | D:2      | Reached skill level 1 in Stealth
   539 | D:2      | Noticed Terence
   570 | D:2      | Noticed Natasha
   588 | D:2      | Noticed an iron imp
   722 | D:2      | Found a runed door.
   730 | D:2      | Slain by Natasha

Skill      XL: |  1 |
---------------+----+-----
Stealth        | 1 |  1.9
Fighting       | |  0.7
Dodging        | |  3.0
Unarmed Combat | |  2.6
Spellcasting   | |  2.6
Transmutations | |  2.6

Action                   || total
-------------------------++-------
Melee: Hand axe          ||    38
 Cast: Beastly Appendage ||     3
 Stab: Sleeping          ||     1
Armor: Robe              ||     7
Dodge: Dodged            ||    58
